| TOP OF THE 1ST |
|
New York Mets batting - Pitching for San Francisco Giants : RHP Clarence Davis
|
|
Pitching: RHP Clarence Davis
|
|
|
Batting: SHB Dalton Pompey
|
0-0: Ball 1-0: Called Strike 1-1: Ball 2-1: Foul Ball, location: 3F 2-2: Ground out 6-3 (Groundball, 6, EV 102.5 MPH)
|
|
Batting: RHB Patrick Vitzhum
|
0-0: Foul Ball, location: 2F 0-1: Called Strike 0-2: SOLO HOME RUN (Flyball, 7D, EV 103.8 MPH), Distance : 413 ft
|
|
Batting: LHB Jim Hayes
|
0-0: Foul Ball, location: 2F 0-1: Swinging Strike 0-2: Strikes out swinging
|
|
Batting: LHB Deron Fernández
|
0-0: Ball 1-0: Ball 2-0: Ball 3-0: Called Strike 3-1: Called Strike 3-2: Fly out, F5 (Popup, 56S, EV 80.0 MPH)
|
| Top of the 1st over - 1 run, 1 hit, 0 errors, 0 left on base; New York 1 - San Francisco 0 |
| BOTTOM OF THE 1ST |
|
San Francisco Giants batting - Pitching for New York Mets : RHP Pat Whittier
|
|
Pitching: RHP Pat Whittier
|
|
|
Batting: LHB Grabiel Jimenez
|
0-0: Called Strike 0-1: Ball 1-1: Ball 2-1: Ball 3-1: Base on Balls
|
|
Batting: LHB Raimel Tapia
|
0-0: SINGLE (Line Drive, 78S, EV 103.1 MPH) Grabiel Jimenez to second
|
|
Batting: LHB Dominic Smith
|
0-0: SINGLE (Groundball, 34D, EV 98.1 MPH) Grabiel Jimenez to third Raimel Tapia to second Runner from 3rd tries for Home, SAFE, throw by RF to home
|
|
Batting: RHB Avisail Garcia
|
0-0: Fly out, F8 (Line Drive, 8RM, EV 95.0 MPH)
|
|
Batting: RHB José González
|
0-0: Ball 1-0: Foul Ball, location: 2F 1-1: SINGLE (Line Drive, 56, EV 105.0 MPH) Raimel Tapia to third Dominic Smith to second Runner from 3rd tries for Home, SAFE, throw by LF to home
|
|
Batting: RHB Héctor Rodríguez
|
0-0: TRIPLE (Line Drive, 9D, EV 109.4 MPH) Dominic Smith scores José González scores
|
|
Batting: RHB Salvador Perez
|
0-0: Ground out U3 (Groundball, 34S, EV 80.0 MPH) Héctor Rodríguez scores
|
|
Batting: SHB Ron Jones
|
0-0: Ball 1-0: Ball 2-0: TRIPLE (Groundball, 5L, EV 106.3 MPH)
|
|
Batting: LHB Joey Gallo
|
0-0: Called Strike 0-1: Foul Ball, location: 2F 0-2: Strikes out swinging
|
| Bottom of the 1st over - 5 runs, 5 hits, 0 errors, 1 left on base; New York 1 - San Francisco 5 |
| TOP OF THE 2ND |
|
New York Mets batting - Pitching for San Francisco Giants : RHP Clarence Davis
|
|
Batting: SHB Josh E. Bell
|
0-0: Foul Ball, location: 5FF 0-1: Called Strike 0-2: SINGLE (Line Drive, 8LS, EV 90.0 MPH)
|
|
Batting: LHB Franchy Cordero
|
0-0: Swinging Strike Josh E. Bell is caught stealing 2nd base 2-6 0-1: Foul Ball, location: 23F 0-2: Ball 1-2: Foul Ball, location: 7LSF 1-2: Ball 2-2: SOLO HOME RUN (Flyball, 7LD, EV 96.9 MPH), Distance : 360 ft
|
|
Batting: LHB Kenny Hernandez
|
0-0: Hit by Pitch
|
|
Batting: SHB Lou McKenzie
|
0-0: Foul Ball, location: 5DF 0-1: Hit by Pitch Kenny Hernandez to second
|
|
Batting: RHB Travis d'Arnaud
|
0-0: Ball 1-0: Swinging Strike 1-1: Grounds into double play, 6-4-3 (Groundball, 6, EV 83.8 MPH)
|
| Top of the 2nd over - 1 run, 2 hits, 0 errors, 1 left on base; New York 2 - San Francisco 5 |
| BOTTOM OF THE 2ND |
|
San Francisco Giants batting - Pitching for New York Mets : RHP Pat Whittier
|
|
Batting: LHB Grabiel Jimenez
|
0-0: Foul Ball, location: 2F 0-1: Swinging Strike 0-2: SINGLE (Groundball, 4D, EV 98.8 MPH)
|
|
Batting: LHB Raimel Tapia
|
0-0: Ball 1-0: Ball 2-0: Foul Ball, location: 2F 2-1: Ball 3-1: Foul Ball, location: 2F 3-2: Foul Ball, location: 7LSF 3-2: Foul Ball, location: 2F 3-2: Strikes out swinging
|
|
Batting: LHB Dominic Smith
|
0-0: Ball 1-0: Swinging Strike 1-1: Foul Ball, location: 7LSFF 1-2: Ball 2-2: Ball 3-2: Base on Balls Grabiel Jimenez to second
|
|
Batting: RHB Avisail Garcia
|
0-0: Ball 1-0: Ball 2-0: Called Strike 2-1: Foul Ball, location: 2F 2-2: Strikes out swinging
|
|
Batting: RHB José González
|
0-0: Ball 1-0: Ball 2-0: Called Strike 2-1: Called Strike 2-2: Strikes out swinging
|
| Bottom of the 2nd over - 0 runs, 1 hit, 0 errors, 2 left on base; New York 2 - San Francisco 5 |
| TOP OF THE 3RD |
|
New York Mets batting - Pitching for San Francisco Giants : RHP Clarence Davis
|
|
Batting: SHB Dalton Pompey
|
0-0: Swinging Strike 0-1: Foul Ball, location: 3DF 0-2: Ground out 3-1 (Groundball, 34, EV 88.1 MPH)
|
|
Batting: RHB Patrick Vitzhum
|
0-0: Ball 1-0: Called Strike 1-1: Fly out, F8 (Flyball, 89M, EV 88.8 MPH)
|
|
Batting: LHB Jim Hayes
|
0-0: Called Strike 0-1: Ball 1-1: Foul Ball, location: 3DF 1-2: SINGLE (Groundball, 34D, EV 94.4 MPH)
|
|
Batting: LHB Deron Fernández
|
0-0: Called Strike 0-1: Ball 1-1: Foul Ball, location: 23F 1-2: Strikes out swinging, 2-3 out at first.
|
| Top of the 3rd over - 0 runs, 1 hit, 0 errors, 1 left on base; New York 2 - San Francisco 5 |
| BOTTOM OF THE 3RD |
|
San Francisco Giants batting - Pitching for New York Mets : RHP Pat Whittier
|
|
Batting: RHB Héctor Rodríguez
|
0-0: Ball 1-0: SINGLE (Line Drive, 8RS, EV 104.4 MPH)
|
|
Batting: RHB Salvador Perez
|
0-0: Called Strike 0-1: Ball 1-1: Ball 2-1: DOUBLE (Line Drive, 8LXD, EV 103.8 MPH) Héctor Rodríguez to third
|
|
Batting: SHB Ron Jones
|
0-0: Ball 1-0: Ground out 1-3 (Groundball, 34S, EV 71.9 MPH)
|
|
Batting: LHB Joey Gallo
|
0-0: Called Strike 0-1: Ball 1-1: Foul Ball, location: 7LMF 1-2: Strikes out swinging
|
|
Batting: LHB Grabiel Jimenez
|
0-0: Called Strike 0-1: Called Strike 0-2: Ball 1-2: Strikes out swinging
|
| Bottom of the 3rd over - 0 runs, 2 hits, 0 errors, 2 left on base; New York 2 - San Francisco 5 |
| TOP OF THE 4TH |
|
New York Mets batting - Pitching for San Francisco Giants : RHP Clarence Davis
|
|
Batting: SHB Josh E. Bell
|
0-0: Ball 1-0: Foul Ball, location: 2F 1-1: Called Strike 1-2: SINGLE (Line Drive, 56D, EV 95.6 MPH)
|
|
Batting: LHB Franchy Cordero
|
0-0: Ball 1-0: Foul Ball, location: 7LMF 1-1: Ball 2-1: Ball 3-1: Base on Balls Josh E. Bell to second
|
|
Pitching: RHP Raffi Vizcaino
|
|
|
Batting: LHB Kenny Hernandez
|
0-0: Ball 1-0: Swinging Strike 1-1: Swinging Strike 1-2: Foul Ball, location: 9LSFF 1-2: Strikes out swinging
|
|
Batting: SHB Lou McKenzie
|
0-0: Called Strike 0-1: Ball 1-1: Swinging Strike 1-2: Strikes out swinging
|
|
Batting: RHB Travis d'Arnaud
|
0-0: Ball 1-0: Fly out, F4 (Popup, 4S, EV 66.9 MPH)
|
| Top of the 4th over - 0 runs, 1 hit, 0 errors, 2 left on base; New York 2 - San Francisco 5 |
| BOTTOM OF THE 4TH |
|
San Francisco Giants batting - Pitching for New York Mets : RHP Pat Whittier
|
|
Pitching: RHP Braden Shipley
|
|
|
Pinch Hitting: RHB Andrew McCutchen
|
0-0: Foul Ball, location: 2F 0-1: Ball 1-1: Fly out, F8 (Line Drive, 8RM, EV 91.9 MPH)
|
|
Batting: LHB Dominic Smith
|
0-0: Called Strike 0-1: Ground out 3-1 (Groundball, 34S, EV 73.8 MPH)
|
|
Batting: SHB Mario Pacheco
|
0-0: Swinging Strike 0-1: Ground out U3 (Groundball, 3, EV 81.9 MPH)
|
| Bottom of the 4th over - 0 runs, 0 hits, 0 errors, 0 left on base; New York 2 - San Francisco 5 |
| TOP OF THE 5TH |
|
New York Mets batting - Pitching for San Francisco Giants : RHP Raffi Vizcaino
|
|
Pitching: LHP Jesús Rodríguez
|
|
|
Now at C: Robby Henderson
|
|
|
Now at 1B: Thom Williams
|
|
|
Now at 2B: Galtero Scallini
|
|
|
Now in LF: José González
|
|
|
Now in CF: Christian Capellan
|
|
|
Now in RF: Denver Thompson
|
|
|
Pinch Hitting: LHB Brandon Nimmo
|
0-0: Ball 1-0: Swinging Strike 1-1: Swinging Strike 1-2: Foul Ball, location: 9LSF 1-2: Foul Ball, location: 9LSF 1-2: Ball 2-2: Strikes out swinging
|
|
Pinch Hitting: RHB Jake Young
|
0-0: Called Strike 0-1: Foul Ball, location: 9LMF 0-2: Foul Ball, location: 23F 0-2: Strikes out looking
|
|
Pinch Hitting: RHB Al Hawkins
|
0-0: Swinging Strike 0-1: Ball 1-1: Ball 2-1: Swinging Strike 2-2: Strikes out swinging
|
| Top of the 5th over - 0 runs, 0 hits, 0 errors, 0 left on base; New York 2 - San Francisco 5 |
| BOTTOM OF THE 5TH |
|
San Francisco Giants batting - Pitching for New York Mets : RHP Braden Shipley
|
|
Pitching: RHP Mario Padilla
|
|
|
Now at C: Joe Ellis
|
|
|
Now at 1B: Jake Young
|
|
|
Now at 2B: Ben Simmons
|
|
|
Now at 3B: José Vázquez
|
|
|
Now at SS: Kenny Hernandez
|
|
|
Now in LF: Al Hawkins
|
|
|
Now in CF: Brandon Nimmo
|
|
|
Now in RF: Jim Lee
|
|
|
Batting: RHB José González
|
0-0: Ball 1-0: Fly out, F7 (Flyball, 78M, EV 95.0 MPH)
|
|
Batting: RHB Héctor Rodríguez
|
0-0: Ground out 6-3 (Groundball, 6, EV 98.1 MPH)
|
|
Batting: RHB Robby Henderson
|
0-0: Called Strike 0-1: Ball 1-1: Foul Ball, location: 23F 1-2: Ball 2-2: Fly out, F9 (Flyball, 9, EV 90.0 MPH)
|
| Bottom of the 5th over - 0 runs, 0 hits, 0 errors, 0 left on base; New York 2 - San Francisco 5 |
| TOP OF THE 6TH |
|
New York Mets batting - Pitching for San Francisco Giants : LHP Jesús Rodríguez
|
|
Pitching: RHP Luis Ortiz
|
|
|
Now at 3B: Trea Turner
|
|
|
Batting: RHB Dustin Peterson
|
0-0: Ground out 4-3 (Groundball, 4D, EV 98.8 MPH)
|
|
Batting: RHB Jim Lee
|
0-0: Ball 1-0: Ball 2-0: Fly out, F6 (Line Drive, 6M, EV 66.9 MPH)
|
|
Batting: LHB Ben Simmons
|
0-0: Called Strike 0-1: Fly out, F4 (Popup, 34S, EV 85.6 MPH)
|
| Top of the 6th over - 0 runs, 0 hits, 0 errors, 0 left on base; New York 2 - San Francisco 5 |
| BOTTOM OF THE 6TH |
|
San Francisco Giants batting - Pitching for New York Mets : RHP Mario Padilla
|
|
Batting: RHB Thom Williams
|
0-0: Ball 1-0: Swinging Strike 1-1: Ground out 6-3 (Groundball, 56D, EV 83.1 MPH)
|
|
Batting: RHB Trea Turner
|
0-0: Swinging Strike 0-1: Foul Ball, location: 2RF 0-2: Foul Ball, location: 7LSF 0-2: Strikes out swinging
|
|
Batting: LHB Denver Thompson
|
0-0: Ball 1-0: Called Strike 1-1: Ball 2-1: Foul Ball, location: 2F 2-2: Foul Ball, location: 2F 2-2: Strikes out swinging
|
| Bottom of the 6th over - 0 runs, 0 hits, 0 errors, 0 left on base; New York 2 - San Francisco 5 |
| TOP OF THE 7TH |
|
New York Mets batting - Pitching for San Francisco Giants : RHP Luis Ortiz
|
|
Pitching: RHP Jean-Louis Huard
|
|
|
Pinch Hitting: RHB Walt Cook
|
0-0: Ball 1-0: Foul Ball, location: 25F 1-1: Swinging Strike 1-2: Strikes out swinging
|
|
Batting: LHB José Vázquez
|
0-0: Ball 1-0: Swinging Strike 1-1: Swinging Strike 1-2: Strikes out swinging
|
|
Batting: SHB Joe Ellis
|
0-0: Ball 1-0: Called Strike 1-1: Fly out, F7 (Flyball, 78D, EV 106.9 MPH)
|
| Top of the 7th over - 0 runs, 0 hits, 0 errors, 0 left on base; New York 2 - San Francisco 5 |
| BOTTOM OF THE 7TH |
|
San Francisco Giants batting - Pitching for New York Mets : RHP Mario Padilla
|
|
Pitching: LHP Tommy Meyers
|
|
|
Now at SS: Walt Cook
|
|
|
Batting: RHB Galtero Scallini
|
0-0: Swinging Strike 0-1: Swinging Strike 0-2: Ball 1-2: Foul Ball, location: 2F 1-2: Strikes out swinging
|
|
Batting: RHB Christian Capellan
|
0-0: Ball 1-0: Ball 2-0: Ball 3-0: Called Strike 3-1: Foul Ball, location: 9LMF 3-2: Ground out 6-3 (Groundball, 6, EV 103.1 MPH)
|
|
Batting: SHB Mario Pacheco
|
0-0: Called Strike 0-1: Ball 1-1: Ball 2-1: Ball 3-1: Foul Ball, location: 25F 3-2: Foul Ball, location: 5SF 3-2: Strikes out swinging
|
| Bottom of the 7th over - 0 runs, 0 hits, 0 errors, 0 left on base; New York 2 - San Francisco 5 |
| TOP OF THE 8TH |
|
New York Mets batting - Pitching for San Francisco Giants : RHP Jean-Louis Huard
|
|
Pitching: RHP Juan Sánchez
|
|
|
Batting: LHB Brandon Nimmo
|
0-0: Called Strike 0-1: Fly out, F4 (Popup, 4, EV 69.4 MPH)
|
|
Batting: RHB Jake Young
|
0-0: Ball 1-0: Foul Ball, location: 3F 1-1: Foul Ball, location: 5SF 1-2: Ball 2-2: Foul Ball, location: 9LSF 2-2: Foul Ball, location: 2F 2-2: Strikes out looking
|
|
Pinch Hitting: LHB Jeff Clark
|
0-0: Swinging Strike 0-1: Ball 1-1: Foul Ball, location: 3F 1-2: Foul Ball, location: 2F 1-2: Ball 2-2: SINGLE (Groundball, 13, EV 62.5 MPH) (infield hit)
|
|
Batting: RHB Dustin Peterson
|
0-0: Ball 1-0: Fielders Choice at 2nd, 6-4 (Groundball, 6, EV 85.6 MPH)
|
| Top of the 8th over - 0 runs, 1 hit, 0 errors, 1 left on base; New York 2 - San Francisco 5 |
| BOTTOM OF THE 8TH |
|
San Francisco Giants batting - Pitching for New York Mets : LHP Tommy Meyers
|
|
Pitching: RHP Jorge Hernández
|
|
|
Now in LF: Jim Lee
|
|
|
Now in RF: Jeff Clark
|
|
|
Batting: RHB José González
|
0-0: Ball 1-0: Ground out U3 (Groundball, 13, EV 93.1 MPH)
|
|
Batting: RHB Héctor Rodríguez
|
0-0: SINGLE (Line Drive, 78M, EV 104.4 MPH)
|
|
Batting: RHB Robby Henderson
|
0-0: Ball 1-0: Called Strike 1-1: Called Strike 1-2: Fly out, F8 (Flyball, 89M, EV 86.3 MPH)
|
|
Batting: RHB Thom Williams
|
0-0: Called Strike 0-1: Ball 1-1: Swinging Strike 1-2: SINGLE (Groundball, 34D, EV 106.9 MPH) Héctor Rodríguez to second Runner from 2nd tries for 3rd, OUT! 9-5
|
| Bottom of the 8th over - 0 runs, 2 hits, 0 errors, 1 left on base; New York 2 - San Francisco 5 |
| TOP OF THE 9TH |
|
New York Mets batting - Pitching for San Francisco Giants : RHP Juan Sánchez
|
|
Pitching: RHP José Porro
|
|
|
Batting: RHB Jim Lee
|
0-0: Ground out 3-1 (Groundball, 34S, EV 90.6 MPH)
|
|
Batting: LHB Ben Simmons
|
0-0: Swinging Strike 0-1: Fly out, F9 (Line Drive, 9S, EV 98.1 MPH)
|
|
Batting: RHB Walt Cook
|
0-0: Called Strike 0-1: Called Strike 0-2: Foul Ball, location: 2F 0-2: Fly out, F4 (Popup, 4, EV 76.9 MPH)
|
| Top of the 9th over - 0 runs, 0 hits, 0 errors, 0 left on base; New York 2 - San Francisco 5 |
|